 Dungeon Crawl Stone Soup version 0.22.1-2-g9c5b331 (webtiles) character file.

341 HaraKiri the Chopper (level 6, -6/52 HPs)
             Began as a Minotaur Monk on Nov 17, 2018.
             Mangled by a wyvern (17 damage)
             ... on level 3 of the Dungeon.
             The game lasted 00:11:05 (3297 turns).

HaraKiri the Chopper (Minotaur Monk)                Turns: 3297, Time: 00:11:05

Health: -6/52      AC:  4    Str: 17    XL:     6   Next: 30%
Magic:  5/5        EV: 13    Int:  7    God:
Gold:   122        SH:  0    Dex: 13    Spells: 5/5 levels left

rFire    . . .     SeeInvis .   a - +0 hand axe
rCold    . . .     Gourm    .   (no shield)
rNeg     . . .     Faith    .   l - +0 leather armour
rPois    .         Spirit   .   (helmet restricted)
rElec    .         Reflect  .   q - +0 cloak
rCorr    .         Harm     .   (no gloves)
MR       .....                  (no boots)
Stlth    ++........             (no amulet)
HPRegen  0.17/turn              (no ring)
MPRegen  0.09/turn              (no ring)

@: hasted, very quick
A: retaliatory headbutt, horns 2
a: no special abilities


You were on level 3 of the Dungeon.
You were not hungry.

You visited 1 branch of the dungeon, and saw 3 of its levels.

You collected 122 gold pieces.

Inventory:

Hand Weapons
 a - a +0 hand axe (weapon)
 d - a cursed -1 spear
Missiles
 m - 2 curare-tipped needles
 p - 4 needles of sleeping
Armour
 b - a +0 robe
 e - a cursed +0 chain mail
 f - a +0 ring mail
 g - a +0 buckler
 j - a +0 shield
 l - a +0 leather armour (worn)
 q - a +0 cloak (worn)
Wands
 n - a wand of flame (26)
Scrolls
 i - 4 scrolls of fear {unknown}
 r - 2 scrolls of identify {unknown}
 s - a scroll of fog {unknown}
 t - 3 scrolls of remove curse {unknown}
 v - 2 scrolls of teleportation {unknown}
 w - a scroll of blinking {unknown}
Potions
 o - a potion of flight {unknown}
 x - a potion of agility {unknown}
 z - a potion of heal wounds {unknown}
Comestibles
 c - 3 rations
 u - 2 chunks of flesh


   Skills:
 - Level 3.7 Fighting
 + Level 6.5 Axes
 + Level 5.2 Armour
 - Level 3.3 Dodging
 - Level 1.5 Stealth


You had 5 spell levels left.
You didn't know any spells.
Your spell library was empty.

Dungeon Overview and Level Annotations

Branches:
Dungeon (3/15)

Altars:
Xom
Yredelemnul
The Shining One

Annotations:
D:3 1 transporter


Innate Abilities, Weirdness & Mutations

You reflexively headbutt those who attack you in melee.
You have a pair of horns on your head.


Message History

You hit the wyvern but do no damage.
The wyvern is moderately wounded.
The wyvern bites you!
You hit the wyvern. You headbutt the wyvern.
The wyvern is severely wounded.
The wyvern closely misses you.
You feel better. The wyvern bites you!
* * * LOW HITPOINT WARNING * * *
You hit the wyvern but do no damage.
The wyvern is severely wounded.
The wyvern bites you but does no damage.
The phantom blinks!
You closely miss the wyvern.
The wyvern is severely wounded.
The wyvern bites you.
* * * LOW HITPOINT WARNING * * *
You closely miss the wyvern.
The wyvern is severely wounded.
The wyvern bites you!
You die...

##.....©.....## ##....#
#..#########..####.....#
#.##8$___$8##...........
#.#..)%$((..#.####......
#.#..#...#..#.........##
#.#§#.....#.#.#####..###
#.#........©#...........
#.#.#.....#.#..####.####
#.#..#.@.#..#..# #.#
#.#.....l...#..# #.#
#.##8.....8##..# #.#
#..#########...# #.####
##..)..©.....#.####.##..
#####...#####.........#
##..#####..###.####
##............#
#######..#####


You could see a wyvern.

Vanquished Creatures
  A jelly (D:3)
  A hound (D:3)
  Crazy Yiuf (D:2)
  Terence (D:3)
  2 worker ants
  Robin (D:2)
  5 adders
  An ooze (D:2)
  2 worms (D:2)
  4 dart slugs
  3 leopard geckos
  5 orcs (D:3)
  11 bats
  3 giant cockroaches
  12 goblins
  8 hobgoblins
  11 jackals
  A quokka (D:3)
  3 ball pythons
  5 frilled lizards
  6 kobolds
  10 rats
97 creatures vanquished.

Notes
Turn   | Place    | Note
-------+----------+-------------------------------------------
     0 | D:1      | HaraKiri the Minotaur Monk began the quest for the Orb.
     0 | D:1      | Reached XP level 1. HP: 19/19 MP: 0/0
    58 | D:1      | Reached skill level 1 in Armour
    89 | D:1      | Reached skill level 4 in Axes
    89 | D:1      | Reached XP level 2. HP: 27/27 MP: 1/1
   325 | D:1      | Reached XP level 3. HP: 33/33 MP: 2/2
   752 | D:2      | Found a basalt altar of Yredelemnul.
   770 | D:2      | Noticed Robin
   778 | D:2      | Killed Robin
   778 | D:2      | Reached XP level 4. HP: 14/40 MP: 3/3
   842 | D:2      | Reached skill level 5 in Axes
  1538 | D:2      | Found a runed door.
  1542 | D:2      | Noticed Crazy Yiuf
  1549 | D:2      | Killed Crazy Yiuf
  1549 | D:2      | Reached XP level 5. HP: 17/46 MP: 2/4
  2140 | D:2      | Found a faded altar of an unknown god.
  2645 | D:3      | Reached skill level 6 in Axes
  2732 | D:3      | Noticed Terence
  2947 | D:3      | Found a transporter.
  2949 | D:3      | Noticed a phantom
  2950 | D:3      | Found a basalt altar of Yredelemnul.
  2951 | D:3      | Found a transporter.
  2951 | D:3      | Found a shimmering altar of Xom.
  2952 | D:3      | Found a glowing golden altar of the Shining One.
  2952 | D:3      | Noticed a wyvern
  2990 | D:3      | Killed Terence
  2990 | D:3      | Reached XP level 6. HP: 39/52 MP: 5/5
  3287 | D:3      | Reached skill level 5 in Armour
  3297 | D:3      | Mangled by a wyvern

Skill      XL: |  1  2  3  4  5  6 |
---------------+-------------------+-----
Armour         | 1 2 3 4 5 |  5.2
Axes           | 4 5 6 |  6.5
Fighting       | |  3.7
Dodging        | |  3.3
Stealth        | |  1.5

Action                   |  1- 3 |  4- 6 || total
-------------------------+-------+-------++-------
Melee: Hand axe          |    73 |   147 ||   220
       Headbutt          |    14 |    26 ||    40
  Use: Potion            |       |     4 ||     4
 Stab: Sleeping          |     5 |     4 ||     9
  Eat: Chunk             |       |     4 ||     4
       Ration            |       |     1 ||     1
Armor: Robe              |     2 |       ||     2
       Leather armour    |    10 |    27 ||    37
Dodge: Dodged            |    44 |   105 ||   149
